[Event "German Bundesliga 2023-24"]
[Site "Germany"]
[Date "2024.02.04"]
[Round "7"]
[White "Mamedyarov, Shakhriyar"]
[Black "Shengelia, David"]
[Result "1-0"]
[ECO "A18"]
[WhiteElo "2734"]
[BlackElo "2494"]
[Annotator "TA"]
[PlyCount "149"]
[EventDate "2023.10.20"]
[EventType "team-tourn"]
[EventCountry "GER"]
[SourceTitle "playchess.com"]
[Source "ChessBase"]
[SourceQuality "1"]
[TimeControl "40/6000+30:3000+30"]

1. c4 Nf6 2. Nc3 e6 3. e4 d5 4. e5 d4 5. exf6 dxc3 6. fxg7 cxd2+ 7. Bxd2 Bxg7 8. Nf3 Nc6 9. Qb3 Nd4 10. Nxd4 Qxd4 11. Bc3 Qe4+ 12. Be2 e5 13. f3 Qe3 14. Qc2 Be6 15. Bd2 Qc5 16. b4 Qd4 17. Rd1 Qh4+ 18. g3 Qh3 19. Bf1 Qh5 20. Bg2 O-O 21. O-O Qg6 22. Qc1 Rfd8 23. Be3 Bf8 24. a3 a5 25. Rxd8 Rxd8 26. bxa5 Qd3 27. c5 Qc4 28. Qxc4 Bxc4 29. Rc1 Bb5 30. c6 bxc6 31. a4 Bxa4 32. a6 Ra8 33. a7 c5 34. Rb1 Kg7 35. Rb8 Bc6 36. Rxa8 Bxa8 37. f4 e4 38. Bf1 Kf6 39. Bc4 Bd6 40. Kf2 Kg6 41. Ke2 f5 (41... h6 $142 42. Kd2 Be7) 42. Kd2 $18 Kf6 43. Kc3 h6 44. Kb3 Ke7 45. Bg8 Bb7 46. Ka4 c6 47. h3 Kd7 48. Bh7 Ke6 49. Kb3 Be7 50. Ka4 $2 (50. Kc4 $18) 50... Kd5 $2 (50... Bd6 $1 $11 {and Black stays safe.} 51. g4 fxg4) 51. Bxf5 $18 Bf6 52. Bc8 Ba8 53. f5 Bd4 54. Be6+ Ke5 55. Bf4+ Kf6 56. g4 c4 (56... e3 $142 57. Bc4 (57. Bxh6 e2 $18) 57... e2 58. Bxe2 (58. Bxh6 {is a self mate.} e1=Q 59. g5+ Ke7 60. f6+ Kd8 61. Ka3 Qb4+ 62. Ka2 Qb2#) 58... c4 59. Bxh6 (59. Bxc4 Bxa7 60. Bxh6 Bf2 $18) 59... Bxa7 60. Bxc4 Bf2 61. g5+ Kxf5 62. Bd3+ Ke5) 57. Bxh6 $18 c3 58. Kb3 e3 59. Bf4 e2 60. g5+ Ke7 61. Bg3 Be3 62. g6 Kf6 63. Kxc3 Bxa7 64. Kd2 Bd4 65. Kxe2 (65. Bh4+ $142 Kg7 66. Bg5 (66. Kxe2 Kh6 $18) 66... e1=R 67. Kxe1 Bc3+ 68. Ke2 Bb7 69. h4 Ba6+ 70. Kf3) 65... c5 66. Bh4+ Kg7 67. Bg5 Be4 68. h4 c4 69. h5 ({Weaker is} 69. Bxc4 Bxf5 70. Bf4 (70. h5 Bg4+ 71. Kd3 Bf6 $11) 70... Bxg6 $11) 69... c3 70. h6+ Kh8 71. Be3 Bf6 72. g7+ Bxg7 73. hxg7+ Kxg7 74. Bd4+ Kh6 75. Bxc3 1-0

[Event "German Bundesliga 2023-24"]
[Site "Germany"]
[Date "2024.02.04"]
[Round "7"]
[White "Eljanov, Pavel"]
[Black "Duda, Jan-Krzysztof"]
[Result "1/2-1/2"]
[ECO "A28"]
[WhiteElo "2695"]
[BlackElo "2726"]
[Annotator "ChessBase"]
[PlyCount "82"]
[EventDate "2023.10.20"]
[EventType "team-tourn"]
[EventCountry "GER"]
[SourceTitle "playchess.com"]
[Source "ChessBase"]
[SourceQuality "1"]
[TimeControl "40/6000+30:3000+30"]

1. c4 Nf6 2. Nc3 e5 3. Nf3 Nc6 4. e4 Bc5 5. Nxe5 Nxe5 6. d4 Bb4 7. dxe5 Nxe4 8. Qf3 Nxc3 9. bxc3 Bc5 10. Bd3 d6 11. Bf4 dxe5 12. Bxe5 O-O 13. O-O Bd6 14. Rfd1 Qh4 15. Bxd6 cxd6 16. g3 Qe7 17. Qe4 Qxe4 18. Bxe4 Rb8 19. Rxd6 Be6 20. Rb1 b6 21. c5 bxc5 22. Rxb8 Rxb8 23. Ra6 Rb2 24. a4 Rb3 25. Rxa7 f5 26. Bc6 Rxc3 27. Re7 Bc4 28. Re5 Bd3 29. a5 Kf7 30. Bd5+ Kf8 31. Bb7 c4 32. a6 Ra3 33. Rc5 Ke7 34. f4 Ra2 35. Rd5 g6 36. Rd4 Be2 37. Rd5 Bd3 38. Rd4 Be2 39. Rd5 c3 40. Rc5 Bxa6 41. Bxa6 Rxa6 1/2-1/2

[Event "German Bundesliga 2023-24"]
[Site "Germany"]
[Date "2024.02.04"]
[Round "7"]
[White "Korobov, Anton"]
[Black "Bromberger, Stefan"]
[Result "1/2-1/2"]
[ECO "D35"]
[WhiteElo "2658"]
[BlackElo "2476"]
[Annotator "ChessBase"]
[PlyCount "45"]
[EventDate "2023.10.20"]
[EventType "team-tourn"]
[EventCountry "GER"]
[SourceTitle "playchess.com"]
[Source "ChessBase"]
[SourceQuality "1"]
[TimeControl "40/6000+30:3000+30"]

1. c4 e6 2. Nc3 d5 3. d4 Nf6 4. cxd5 exd5 5. Bg5 c6 6. e3 Bf5 7. Qf3 Bg6 8. Bxf6 Qxf6 9. Qxf6 gxf6 10. Nf3 a5 11. Nh4 Bb4 12. a3 Bxc3+ 13. bxc3 b5 14. f3 Nd7 15. Kf2 Nb6 16. e4 Na4 17. exd5 Nxc3 18. dxc6 O-O-O 19. Nxg6 fxg6 20. Ke3 Nd5+ 21. Kf2 Nc3 22. Ke3 Nd5+ 23. Kf2 1/2-1/2

[Event "German Bundesliga 2023-24"]
[Site "Germany"]
[Date "2024.02.04"]
[Round "7"]
[White "Kollars, Dmitrij"]
[Black "Huschenbeth, Niclas"]
[Result "1/2-1/2"]
[ECO "C47"]
[WhiteElo "2633"]
[BlackElo "2605"]
[Annotator "ChessBase"]
[PlyCount "67"]
[EventDate "2023.10.20"]
[EventType "team-tourn"]
[EventCountry "GER"]
[SourceTitle "playchess.com"]
[Source "ChessBase"]
[SourceQuality "1"]
[TimeControl "40/6000+30:3000+30"]

1. e4 e5 2. Nf3 Nc6 3. Nc3 Nf6 4. d4 exd4 5. Nxd4 Bb4 6. Nxc6 bxc6 7. Bd3 d5 8. Bd2 O-O 9. O-O Bxc3 10. Bxc3 dxe4 11. Bxf6 Qxf6 12. Bxe4 Qxb2 13. Bxc6 Rb8 14. Rb1 Qxb1 15. Qxb1 Rxb1 16. Rxb1 Rd8 17. Bf3 Bf5 18. Rb7 Bxc2 19. Rxc7 Be4 20. Be2 a5 21. f3 Bd5 22. a4 Bb3 23. Bb5 h5 24. Ra7 Rd1+ 25. Kf2 Rd2+ 26. Kf1 h4 27. Rxa5 h3 28. gxh3 Rxh2 29. Bd7 Be6 30. Bxe6 fxe6 31. Re5 Kf7 32. a5 Kf6 33. Re2 Rh1+ 34. Kg2 1/2-1/2

[Event "German Bundesliga 2023-24"]
[Site "Germany"]
[Date "2024.02.04"]
[Round "7"]
[White "Santos Latasa, Jaime"]
[Black "Bluebaum, Matthias"]
[Result "1-0"]
[ECO "C11"]
[WhiteElo "2615"]
[BlackElo "2668"]
[Annotator "ChessBase"]
[PlyCount "107"]
[EventDate "2023.10.20"]
[EventType "team-tourn"]
[EventCountry "GER"]
[SourceTitle "playchess.com"]
[Source "ChessBase"]
[SourceQuality "1"]
[TimeControl "40/6000+30:3000+30"]

1. e4 e6 2. d4 d5 3. Nc3 Nf6 4. e5 Nfd7 5. f4 c5 6. Nf3 Nc6 7. Be3 a6 8. Ne2 Qb6 9. Qc1 Be7 10. c3 O-O 11. h4 f6 12. h5 h6 13. Rh3 Qa5 14. Bd2 Qd8 15. Qc2 Rf7 16. O-O-O b5 17. g4 c4 18. Rg3 b4 19. g5 bxc3 20. Bxc3 fxg5 21. fxg5 hxg5 22. Bh3 Nf8 23. Rdg1 Nh7 24. Qg6 Nf8 25. Qc2 Nh7 26. h6 Rb8 27. Bg4 Qf8 28. Qg6 Bb4 29. Bxe6 Bxe6 30. Qxe6 Nd8 31. Qg6 Bxc3 32. Nxc3 Rfb7 33. hxg7 Rxg7 34. Qc2 Qf4+ 35. Kb1 Rb5 36. Ne2 Qf7 37. Nxg5 Nxg5 38. Rxg5 Ne6 39. Rxg7+ Nxg7 40. Ng3 Ne6 41. Nf5+ Kf8 42. Rh1 Qg8 43. Qh2 Rb6 44. Rg1 Ng5 45. Qf4 Rg6 46. Nh6+ Nf7 47. Nxg8 Rxg1+ 48. Kc2 Rg2+ 49. Kc3 Kxg8 50. e6 Ng5 51. e7 Ne4+ 52. Qxe4 Rg3+ 53. Kb4 a5+ 54. Ka4 1-0

[Event "German Bundesliga 2023-24"]
[Site "Germany"]
[Date "2024.02.04"]
[Round "7"]
[White "Kozak, Adam"]
[Black "Bogner, Sebastian"]
[Result "1/2-1/2"]
[ECO "E53"]
[WhiteElo "2600"]
[BlackElo "2536"]
[Annotator "ChessBase"]
[PlyCount "51"]
[EventDate "2023.10.20"]
[EventType "team-tourn"]
[EventCountry "GER"]
[SourceTitle "playchess.com"]
[Source "ChessBase"]
[SourceQuality "1"]
[TimeControl "40/6000+30:3000+30"]

1. d4 Nf6 2. c4 e6 3. Nc3 Bb4 4. e3 O-O 5. Bd3 d5 6. a3 Bxc3+ 7. bxc3 dxc4 8. Bxc4 c5 9. Nf3 Qc7 10. Be2 b6 11. Bb2 Bb7 12. Rc1 Nbd7 13. c4 Rfd8 14. O-O Nf8 15. Ne5 Ng6 16. Nxg6 hxg6 17. Re1 Rac8 18. Qb3 Rd7 19. f3 cxd4 20. exd4 Qf4 21. g3 Qf5 22. Rcd1 Rdc7 23. Bc1 Nd7 24. Bb2 Nf6 25. Bc1 Nd7 26. Bb2 1/2-1/2

[Event "German Bundesliga 2023-24"]
[Site "Germany"]
[Date "2024.02.04"]
[Round "7"]
[White "Wagner, Dennis"]
[Black "Hertneck, Gerald"]
[Result "1-0"]
[ECO "D17"]
[WhiteElo "2599"]
[BlackElo "2441"]
[Annotator "ChessBase"]
[PlyCount "40"]
[EventDate "2023.10.20"]
[EventType "team-tourn"]
[EventCountry "GER"]
[SourceTitle "playchess.com"]
[Source "ChessBase"]
[SourceQuality "1"]
[TimeControl "40/6000+30:3000+30"]

1. d4 d5 2. c4 c6 3. Nf3 Nf6 4. Nc3 dxc4 5. a4 Bf5 6. Ne5 e6 7. f3 Bb4 8. e4 Bxe4 9. fxe4 Nxe4 10. Bd2 Qxd4 11. Nxe4 Qxe4+ 12. Qe2 Bxd2+ 13. Kxd2 Qd5+ 14. Ke1 Qa5+ 15. Kf2 Qb6+ 16. Qe3 O-O 17. Qxb6 axb6 18. Bxc4 Ra5 19. Rhe1 c5 20. Bb5 Ra8 1-0

[Event "German Bundesliga 2023-24"]
[Site "Germany"]
[Date "2024.02.04"]
[Round "7"]
[White "Zilka, Stepan"]
[Black "Dragnev, Valentin"]
[Result "1/2-1/2"]
[ECO "C89"]
[WhiteElo "2599"]
[BlackElo "2586"]
[Annotator "ChessBase"]
[PlyCount "46"]
[EventDate "2023.10.20"]
[EventType "team-tourn"]
[EventCountry "GER"]
[SourceTitle "playchess.com"]
[Source "ChessBase"]
[SourceQuality "1"]
[TimeControl "40/6000+30:3000+30"]

1. e4 e5 2. Nf3 Nc6 3. Bb5 a6 4. Ba4 Nf6 5. O-O Be7 6. Re1 b5 7. Bb3 O-O 8. c3 d5 9. exd5 Nxd5 10. Nxe5 Nxe5 11. Rxe5 c6 12. d3 Bd6 13. Re1 Qh4 14. g3 Qh3 15. Re4 Nf6 16. Rh4 Qf5 17. Nd2 Ng4 18. Qe2 Qg6 19. Nf1 Bf5 20. Ne3 Nxe3 21. Bxe3 Bxd3 22. Qf3 c5 23. Bd5 Rad8 1/2-1/2

[Event "German Bundesliga 2023-24"]
[Site "Germany"]
[Date "2024.02.04"]
[Round "7"]
[White "Santos Ruiz, Miguel"]
[Black "Gustafsson, Jan"]
[Result "1/2-1/2"]
[ECO "C54"]
[WhiteElo "2593"]
[BlackElo "2620"]
[Annotator "ChessBase"]
[PlyCount "41"]
[EventDate "2023.10.20"]
[EventType "team-tourn"]
[EventCountry "GER"]
[SourceTitle "playchess.com"]
[Source "ChessBase"]
[SourceQuality "1"]
[TimeControl "40/6000+30:3000+30"]

1. e4 e5 2. Nf3 Nc6 3. Bc4 Nf6 4. d3 Bc5 5. O-O d6 6. c3 a6 7. Re1 Ba7 8. a4 O-O 9. h3 b5 10. Ba2 h6 11. Nbd2 b4 12. Nf1 Be6 13. Bxe6 fxe6 14. Be3 Bxe3 15. Rxe3 Rb8 16. d4 bxc3 17. bxc3 a5 18. Ng3 Rb2 19. Re2 Rb6 20. Qd3 Qd7 21. Rd2 1/2-1/2

[Event "German Bundesliga 2023-24"]
[Site "Germany"]
[Date "2024.02.04"]
[Round "7"]
[White "Alonso Rosell, Alvar"]
[Black "Dautov, Rustem"]
[Result "1/2-1/2"]
[ECO "D30"]
[WhiteElo "2574"]
[BlackElo "2584"]
[Annotator "ChessBase"]
[PlyCount "81"]
[EventDate "2023.10.20"]
[EventType "team-tourn"]
[EventCountry "GER"]
[SourceTitle "playchess.com"]
[Source "ChessBase"]
[SourceQuality "1"]
[TimeControl "40/6000+30:3000+30"]

1. d4 d5 2. c4 e6 3. Nf3 a6 4. Bg5 Be7 5. Bxe7 Qxe7 6. Nbd2 Nf6 7. g3 O-O 8. Bg2 b6 9. Rc1 a5 10. O-O Bb7 11. cxd5 exd5 12. Nb1 c5 13. Nc3 Nbd7 14. Re1 Rfd8 15. e3 h6 16. Re2 Qe6 17. b3 Ne4 18. Rec2 Nxc3 19. Rxc3 a4 20. Ne1 axb3 21. axb3 Qf6 22. Qg4 cxd4 23. Qxd4 Qxd4 24. exd4 Nf6 25. Nd3 Rdc8 26. Rxc8+ Rxc8 27. Rxc8+ Bxc8 28. Nb4 Bb7 29. f3 Kf8 30. Kf2 Ke7 31. Ke3 Kd6 32. Nd3 Ba6 33. Ne5 Ke7 34. f4 Bc8 35. Bf3 h5 36. Nc6+ Kd6 37. Ne5 Ke7 38. Be2 Bf5 39. Nc6+ Kd6 40. Ne5 Ke7 41. Nc6+ 1/2-1/2

[Event "German Bundesliga 2023-24"]
[Site "Germany"]
[Date "2024.02.04"]
[Round "7"]
[White "Graf, Alexander"]
[Black "Kurmann, Oliver"]
[Result "1-0"]
[ECO "C00"]
[WhiteElo "2523"]
[BlackElo "2424"]
[Annotator "ChessBase"]
[PlyCount "87"]
[EventDate "2023.10.20"]
[EventType "team-tourn"]
[EventCountry "GER"]
[SourceTitle "playchess.com"]
[Source "ChessBase"]
[SourceQuality "1"]
[TimeControl "40/6000+30:3000+30"]

1. Nf3 Nf6 2. g3 d5 3. Bg2 e6 4. O-O Be7 5. d3 O-O 6. Nbd2 c5 7. e4 Nc6 8. Re1 b5 9. exd5 Nxd5 10. c3 Bb7 11. Ne4 Qb6 12. a3 Rfd8 13. Bg5 h6 14. Bxe7 Ndxe7 15. Qe2 Rd5 16. b4 cxb4 17. axb4 a5 18. bxa5 Rxa5 19. Rxa5 Qxa5 20. Qb2 b4 21. Ra1 Qc7 22. cxb4 Qb6 23. Nfd2 Qxb4 24. Qxb4 Nxb4 25. Ra7 Rb5 26. Nd6 Bxg2 27. Nxb5 Bc6 28. Rxe7 Nd5 29. Ra7 Bxb5 30. Nc4 f6 31. Kf1 Kh7 32. Ke2 Nb4 33. h4 h5 34. Kd2 Nc6 35. Rc7 Nd4 36. Nd6 Bc6 37. Kc3 e5 38. f4 Bf3 39. fxe5 fxe5 40. Kd2 Bg4 41. Ke3 Kg6 42. Rc5 Kf6 43. Nc4 Nc2+ 44. Kf2 1-0

[Event "German Bundesliga 2023-24"]
[Site "Germany"]
[Date "2024.02.04"]
[Round "7"]
[White "Baidetskyi, Valentin"]
[Black "Maghsoodloo, Parham"]
[Result "0-1"]
[ECO "B51"]
[WhiteElo "2471"]
[BlackElo "2707"]
[Annotator "ChessBase"]
[PlyCount "62"]
[EventDate "2023.10.20"]
[EventType "team-tourn"]
[EventCountry "GER"]
[SourceTitle "playchess.com"]
[Source "ChessBase"]
[SourceQuality "1"]
[TimeControl "40/6000+30:3000+30"]

1. e4 c5 2. Nf3 d6 3. Bb5+ Nd7 4. O-O a6 5. Be2 Ngf6 6. d3 g6 7. c4 b5 8. b3 Bg7 9. Bb2 O-O 10. Qc2 Rb8 11. cxb5 axb5 12. d4 cxd4 13. Nxd4 Bb7 14. Nxb5 Bxe4 15. Qd2 Ba8 16. N1c3 d5 17. f4 e5 18. fxe5 Nxe5 19. Qf4 Nh5 20. Qf2 d4 21. Rad1 d3 22. Bxh5 gxh5 23. Qf5 Rb6 24. Qxh5 Bxg2 25. Kxg2 Rg6+ 26. Kf2 Qb6+ 27. Ke1 Qe3+ 28. Ne2 Rg2 29. Nbd4 dxe2 30. Nxe2 Ng4 31. Rd2 Bxb2 0-1

[Event "German Bundesliga 2023-24"]
[Site "Germany"]
[Date "2024.02.04"]
[Round "7"]
[White "Wagner, Dinara"]
[Black "Zeller, Frank"]
[Result "1/2-1/2"]
[ECO "E97"]
[WhiteElo "2459"]
[BlackElo "2335"]
[Annotator "ChessBase"]
[PlyCount "107"]
[EventDate "2023.10.20"]
[EventType "team-tourn"]
[EventCountry "GER"]
[SourceTitle "playchess.com"]
[Source "ChessBase"]
[SourceQuality "1"]
[TimeControl "40/6000+30:3000+30"]

1. d4 Nf6 2. c4 g6 3. Nc3 Bg7 4. e4 d6 5. Nf3 O-O 6. Be2 e5 7. O-O Nc6 8. d5 Ne7 9. Bg5 Nh5 10. Re1 h6 11. Bd2 Nf4 12. Bf1 g5 13. g3 Nfg6 14. h3 f5 15. exf5 Nxf5 16. Ne4 Nd4 17. Nxd4 exd4 18. Qh5 Bf5 19. f4 gxf4 20. gxf4 Qh4 21. Qxh4 Nxh4 22. Kf2 Rf7 23. Bd3 Kh8 24. Kg3 Ng6 25. Nf2 Rg8 26. Bxf5 Rxf5 27. Kf3 Ne5+ 28. Ke4 Rgf8 29. b3 c6 30. Nd3 cxd5+ 31. cxd5 Ng6 32. Rg1 Nh4 33. Ne1 Re8+ 34. Kd3 Rxd5 35. Rc1 Rc5 36. b4 Rc6 37. Rf1 Ra6 38. Nc2 Rxa2 39. Ra1 Rxa1 40. Rxa1 a6 41. b5 axb5 42. Rb1 Nf3 43. Rxb5 Nxd2 44. Kxd2 Rc8 45. Rxb7 Rf8 46. Rd7 Rxf4 47. Rxd6 Rh4 48. Kd3 Rxh3+ 49. Ke4 Rh4+ 50. Kd3 Kh7 51. Nxd4 Bxd4 52. Rxd4 Rh1 53. Ke3 Rf1 54. Rf4 1/2-1/2

[Event "German Bundesliga 2023-24"]
[Site "Germany"]
[Date "2024.02.04"]
[Round "7"]
[White "Bischoff, Klaus"]
[Black "Heimann, Andreas"]
[Result "1/2-1/2"]
[ECO "D41"]
[WhiteElo "2455"]
[BlackElo "2552"]
[Annotator "ChessBase"]
[PlyCount "190"]
[EventDate "2023.10.20"]
[EventType "team-tourn"]
[EventCountry "GER"]
[SourceTitle "playchess.com"]
[Source "ChessBase"]
[SourceQuality "1"]
[TimeControl "40/6000+30:3000+30"]

1. d4 Nf6 2. Nf3 d5 3. c4 e6 4. Nc3 c5 5. cxd5 cxd4 6. Qa4+ Bd7 7. Qxd4 exd5 8. e3 Nc6 9. Qd1 Bb4 10. Bd2 O-O 11. Be2 Be6 12. a3 Bxc3 13. Bxc3 Ne4 14. Bd4 Nxd4 15. Qxd4 Qa5+ 16. Qb4 Qxb4+ 17. axb4 Rfc8 18. Nd4 Nd6 19. Bd3 Nc4 20. Bxc4 Rxc4 21. b5 Kf8 22. Kd2 Ke7 23. Ra3 Kd6 24. Rha1 Kc7 25. Rxa7 Rxa7 26. Rxa7 Kb6 27. Ra8 Bc8 28. h4 h5 29. Ke2 f6 30. Kd2 Rc7 31. Ra3 g5 32. hxg5 fxg5 33. Rc3 Bg4 34. Rxc7 Kxc7 35. f4 gxf4 36. exf4 h4 37. f5 Kd6 38. f6 Bh5 39. Ke3 Ke5 40. Nf3+ Kxf6 41. Nxh4 Be8 42. b6 Ke5 43. Nf3+ Kd6 44. b4 Kc6 45. Nd4+ Kxb6 46. Kf4 Kc7 47. Ke5 Bf7 48. g4 Kd7 49. g5 Ke7 50. Nf5+ Kd7 51. Nd6 d4 52. Nxb7 Kc6 53. Nd8+ Kd7 54. Nxf7 d3 55. g6 d2 56. g7 d1=Q 57. g8=Q Qe1+ 58. Kf6 Qe7+ 59. Kg6 Qxb4 60. Ne5+ Kc7 61. Qf7+ Kb6 62. Qe6+ Kb7 63. Qd5+ Kb6 64. Qd8+ Kb7 65. Qd5+ Kb6 66. Kf7 Qf4+ 67. Ke8 Qa4+ 68. Nd7+ Kc7 69. Qe5+ Kb7 70. Qb8+ Kc6 71. Qc8+ Kd5 72. Qc5+ Ke4 73. Ke7 Qd4 74. Qg5 Qb4+ 75. Ke8 Qd4 76. Nc5+ Kf3 77. Qf5+ Qf4 78. Qd5+ Kg4 79. Ne4 Qf5 80. Qd4 Kf3 81. Nd2+ Ke2 82. Ne4 Kf3 83. Nf6 Qc8+ 84. Kf7 Qc7+ 85. Kg6 Qg3+ 86. Kf5 Qh3+ 87. Ke5 Qh2+ 88. Kd5 Qa2+ 89. Ke5 Qh2+ 90. Ke6 Qe2+ 91. Kf5 Qc2+ 92. Kg5 Qc1+ 93. Kf5 Qc2+ 94. Ne4 Qc8+ 95. Kg6 Qe8+ 1/2-1/2

[Event "German Bundesliga 2023-24"]
[Site "Germany"]
[Date "2024.02.04"]
[Round "7"]
[White "Kjartansson, Gudmundur"]
[Black "Amin, Bassem"]
[Result "1/2-1/2"]
[ECO "C95"]
[WhiteElo "2453"]
[BlackElo "2680"]
[Annotator "ChessBase"]
[PlyCount "123"]
[EventDate "2023.10.20"]
[EventType "team-tourn"]
[EventCountry "GER"]
[SourceTitle "playchess.com"]
[Source "ChessBase"]
[SourceQuality "1"]
[TimeControl "40/6000+30:3000+30"]

1. e4 e5 2. Nf3 Nc6 3. Bb5 a6 4. Ba4 Nf6 5. O-O Be7 6. Re1 b5 7. Bb3 d6 8. c3 O-O 9. h3 Nb8 10. d4 Nbd7 11. c4 c6 12. a3 Bb7 13. Nc3 exd4 14. Nxd4 Nc5 15. cxb5 cxb5 16. Bc2 Re8 17. Nf5 Bf8 18. f3 Rc8 19. Bg5 Ne6 20. Bh4 Qb6+ 21. Bf2 Qd8 22. Bb3 g6 23. Ne3 Nf4 24. Qd2 d5 25. Nexd5 N6xd5 26. Bxd5 Qg5 27. Be3 Bc5 28. Bxb7 Rcd8 29. Bd5 Bxe3+ 30. Rxe3 Nxd5 31. Nxd5 Rxd5 32. Qf2 Rd4 33. f4 Qf6 34. Rae1 Red8 35. Kh2 Rd2 36. R1e2 Qxb2 37. e5 Rxe2 38. Rxe2 Qd4 39. Qf3 Qd5 40. Qe3 Qd4 41. Qf3 Qd5 42. Qe3 Qe6 43. Rf2 Rd5 44. Rf3 a5 45. Qc3 a4 46. Qe3 Qf5 47. Qc3 h6 48. Qc6 Rd4 49. e6 Qxe6 50. Qxb5 Qd6 51. Qe8+ Kg7 52. Qe3 g5 53. Qe5+ Qxe5 54. fxe5 Re4 55. Rc3 h5 56. Rc5 Re3 57. e6 f6 58. Rc7+ Kg6 59. Rc4 Rxe6 60. Rxa4 Re3 61. g4 h4 62. Ra7 1/2-1/2

[Event "German Bundesliga 2023-24"]
[Site "Germany"]
[Date "2024.02.04"]
[Round "7"]
[White "Zysk, Robert"]
[Black "Braun, Arik"]
[Result "0-1"]
[ECO "E11"]
[WhiteElo "2388"]
[BlackElo "2588"]
[Annotator "ChessBase"]
[PlyCount "104"]
[EventDate "2023.10.20"]
[EventType "team-tourn"]
[EventCountry "GER"]
[SourceTitle "playchess.com"]
[Source "ChessBase"]
[SourceQuality "1"]
[TimeControl "40/6000+30:3000+30"]

1. d4 Nf6 2. c4 e6 3. Nf3 Bb4+ 4. Bd2 c5 5. Bxb4 cxb4 6. a3 bxa3 7. Rxa3 b6 8. e3 Bb7 9. Be2 a5 10. O-O O-O 11. Nc3 Na6 12. Nd2 d6 13. Bf3 Qe7 14. Bxb7 Qxb7 15. e4 Rfd8 16. d5 Nc5 17. Qb1 e5 18. Nb5 Ne8 19. Qc2 Nc7 20. Nxc7 Qxc7 21. Nb1 Na6 22. Rc3 Rdc8 23. Na3 Qd7 24. Qe2 Rf8 25. Nb5 Nc5 26. h3 f5 27. exf5 Rxf5 28. Rf3 Rxf3 29. Qxf3 Rf8 30. Qg4 Qd8 31. g3 e4 32. Nc3 Qe7 33. Qe2 Qe5 34. Kg2 a4 35. f4 exf3+ 36. Rxf3 Qxe2+ 37. Nxe2 Rxf3 38. Kxf3 Nd3 39. Ke3 Nxb2 40. Kd4 a3 41. Nc1 Kf7 42. Kc3 Kf6 43. Nb3 Ke5 44. Nd2 h6 45. h4 h5 46. Kb3 Kd4 47. Nf3+ Ke3 48. Ne1 Kf2 49. Nc2 Kxg3 50. Nxa3 Nd3 51. Kc3 Nc5 52. Nb5 Nb7 0-1

[Event "German Bundesliga 2023-24"]
[Site "Germany"]
[Date "2024.02.03"]
[Round "7.1"]
[White "Vitiugov, Nikita"]
[Black "Nisipeanu, Liviu-Dieter"]
[Result "1-0"]
[ECO "B12"]
[WhiteElo "2686"]
[BlackElo "2600"]
[Annotator "ChessBase"]
[PlyCount "61"]
[EventDate "2023.10.20"]
[EventType "team-tourn"]
[EventCountry "GER"]
[SourceTitle "playchess.com"]
[Source "ChessBase"]
[SourceQuality "1"]
[TimeControl "40/6000+30:3000+30"]

1. e4 c6 2. d4 d5 3. f3 e6 4. Nc3 Bb4 5. Bd2 Ne7 6. a3 Bxc3 7. Bxc3 b6 8. Qd2 O-O 9. Qf4 dxe4 10. fxe4 f5 11. Qe3 Ba6 12. Bxa6 Nxa6 13. Nf3 fxe4 14. Qxe4 Qd5 15. Qd3 b5 16. O-O Ng6 17. Rae1 Rf6 18. Bd2 Raf8 19. b3 Nc7 20. c4 bxc4 21. bxc4 Qd7 22. Bb4 R8f7 23. Qe3 h6 24. Rf2 Na8 25. Ref1 Rxf3 26. gxf3 Nh4 27. Re1 Nb6 28. Qe4 g5 29. Qg4 Nxc4 30. Qxe6 Qxd4 31. Qxh6 1-0

[Event "German Bundesliga 2023-24"]
[Site "Germany"]
[Date "2024.02.03"]
[Round "7.1"]
[White "Cheparinov, Ivan"]
[Black "Harikrishna, Pentala"]
[Result "1-0"]
[ECO "C67"]
[WhiteElo "2649"]
[BlackElo "2716"]
[Annotator "TA"]
[PlyCount "99"]
[EventDate "2023.10.20"]
[EventType "team-tourn"]
[EventCountry "GER"]
[SourceTitle "playchess.com"]
[Source "ChessBase"]
[SourceQuality "1"]
[TimeControl "40/6000+30:3000+30"]

1. e4 e5 2. Nf3 Nc6 3. Bb5 Nf6 4. O-O Nxe4 5. d4 Nd6 6. Bxc6 dxc6 7. dxe5 Nf5 8. Qxd8+ Kxd8 9. Nc3 Ne7 10. h3 h6 {[%emt 0:04:37] C67: Ruy Lopez: Berlin Defence: 4 0-0 Nxe4.} 11. Bf4 Ng6 12. Rad1+ Ke8 13. Bg3 Bb4 14. Nd4 Bxc3 15. bxc3 Be6 16. f4 Bxa2 $146 ({Predecessor:} 16... Bc4 17. Rf2 Ne7 18. f5 Nd5 19. f6 gxf6 20. exf6 Kf8 21. Nf5 Re8 22. Rd4 b5 {½-½ Kotronias,V (2602)-Aronian,L (2750) Bundesliga 0708 2007 (1.1)}) 17. e6 Ne7 (17... Bxe6 $6 18. f5 Bc4 19. fxg6 Bxf1 20. gxf7+ $18 (20. Rxf1 fxg6 21. Bxc7 $14)) 18. f5 Bc4 19. Rfe1 Nd5 20. Nf3 f6 (20... b5 $1 $14) 21. Nd2 $18 b5 22. Nxc4 bxc4 23. Rd4 g6 24. Rxc4 gxf5 25. Rxc6 Rg8 26. Bf2 (26. Bxc7 Rc8 27. Rb1 Nxc7 $17) 26... Rg7 27. Bd4 f4 (27... Nf4 $16 {was necessary.}) 28. Kf2 $18 a5 {[%emt 0:04:06] [#]} (28... Rg6 {was worth a try.} 29. Rb1 Kd8) 29. Rb1 $1 $18 a4 30. c4 Ne7 31. Rxc7 Nf5 32. Rxg7 (32. Bxf6 $2 Rxc7 33. Kf3 a3 (33... Rxc4 $2 34. Rb7 $19) 34. Kxf4 a2 $19 (34... Rxc4+ $2 35. Kxf5 Rxc2 36. g4 $19)) 32... Nxg7 33. Rb6 ({Don't do} 33. Bxf6 $6 Nxe6 34. Rb7 Ra6 $14) 33... a3 34. Bxf6 Nh5 35. Ba1 Rc8 $2 (35... Ke7 36. Kf3 a2) 36. Kf3 $18 Ke7 37. Rb5 Ng3 38. Kxf4 Rg8 39. Ra5 Kxe6 40. Ra6+ (40. Rxa3 Ne2+ 41. Ke4 Rxg2 42. Ra6+ Ke7 43. Rxh6 Ng3+ 44. Kf3 Rxc2 45. Kxg3 Rxc4 $18) 40... Kd7 41. Rxh6 ({Weaker is} 41. Rxa3 Ne2+ 42. Ke4 Rxg2 43. Ra7+ Kc6 $18) 41... Nf1 42. g4 Rc8 43. Ra6 Rxc4+ 44. Kg5 Rxc2 (44... a2 $142 45. Rxa2 Ne3) 45. Rxa3 $18 Nd2 46. Kh5 Ne4 47. g5 Rc5 48. h4 Ke6 49. Re3 Kf5 50. Rxe4 1-0

[Event "German Bundesliga 2023-24"]
[Site "Germany"]
[Date "2024.02.04"]
[Round "7.1"]
[White "Parligras, Mircea-Emilian"]
[Black "Kadric, Denis"]
[Result "1-0"]
[ECO "B07"]
[WhiteElo "2561"]
[BlackElo "2579"]
[Annotator "ChessBase"]
[PlyCount "109"]
[EventDate "2023.10.20"]
[EventType "team-tourn"]
[EventCountry "GER"]
[SourceTitle "playchess.com"]
[Source "ChessBase"]
[SourceQuality "1"]
[TimeControl "40/6000+30:3000+30"]

1. d4 d6 2. e4 Nf6 3. Bd3 e5 4. c3 Nbd7 5. Nf3 d5 6. Nxe5 dxe4 7. Be2 Nxe5 8. dxe5 Qxd1+ 9. Bxd1 Ng4 10. Bf4 Bc5 11. Bxg4 Bxg4 12. Nd2 e3 13. fxe3 O-O-O 14. h3 Bh5 15. Nf3 h6 16. g4 Bg6 17. Kf2 Be4 18. Rhd1 g5 19. Bg3 Rdf8 20. Ke2 Be7 21. Rg1 h5 22. Nd4 hxg4 23. hxg4 Rd8 24. Rad1 Rh3 25. Kf2 Bc5 26. Nf5 Re8 27. b4 Bb6 28. c4 a5 29. a3 Ba7 30. Ng7 Re7 31. c5 Rh8 32. Nf5 Ree8 33. Rd4 Bc6 34. Rc1 Bd7 35. Rd2 Bb8 36. Rcd1 Bxf5 37. gxf5 c6 38. Rd7 Rhf8 39. bxa5 Bxe5 40. a6 Bxg3+ 41. Kxg3 Rxe3+ 42. Kg4 f6 43. axb7+ Kb8 44. R1d6 Rxa3 45. Rxc6 Rb3 46. Rc8+ Rxc8 47. bxc8=Q+ Kxc8 48. Rf7 Rb1 49. Rxf6 Rg1+ 50. Kh5 g4 51. Rc6+ Kd7 52. Rd6+ Ke8 53. Kg6 Rc1 54. f6 Rxc5 55. Rd4 1-0